Map: Dasan Station LE

Players

LeeManChild

  • Race: Protoss Protoss
  • Spawn Location: 12:00

Fropez - Winner!

  • Race: Protoss Protoss
  • League: Gold
  • Spawn Location: 6:00

VOD

Have the link to the VOD?

Description

Time

  • Played on: Oct. 23, 2016, 8:29 p.m.
  • Length: 24:26
Show
View Real Time Build Order
Export as new Build Order

LeeManChild Protoss 

Build Orders: Cannon Rush 

Get SALT Encoding   

  12  0:01  Probe (Chrono Boost)  
  13  0:11  Probe (Chrono Boost)  
  14  0:17  Pylon  
  14  0:22  Probe (Chrono Boost)  
  16  0:35  Probe (Chrono Boost)  
  16  0:38  Forge  
  16  0:53  Probe (Chrono Boost)  
  17  1:02  Gateway  
  18  1:04  Probe (Chrono Boost)  
  18  1:26  Pylon  
  18  1:45  Photon Cannon  
  18  1:46  Photon Cannon  
  18  1:50  Photon Cannon  
  17  2:02  Zealot (Chrono Boost)  
  17  2:07  Assimilator  
  19  2:17  Nexus  
  19  2:19  Pylon  
  19  2:21  Probe  
  20  2:29  Zealot (Chrono Boost)  
  22  2:33  Probe  
  23  2:45  Probe, Assimilator  
  24  2:59  Photon Cannon  
  24  3:00  Photon Cannon  
  24  3:03  Probe  
  25  3:08  Zealot (Chrono Boost)  
  27  3:15  Probe  
  28  3:27  Probe  
  28  3:28  Protoss Shields Level 1 (Chrono Boost)  
  29  3:35  Zealot (Chrono Boost)  
  31  3:46  Cybernetics Core  
  31  3:54  Probe  
  31  3:55  Probe  
  33  3:56  Gateway  
  33  4:02  Zealot (Chrono Boost)  
  35  4:29  Mothership Core  
  35  4:30  Probe  
  38  4:34  Warp Gate (Chrono Boost)  
  38  4:37  Photon Cannon x2  
  38  4:38  Photon Cannon  
  38  4:42  Probe  
  41  4:54  Pylon, Sentry (Chrono Boost)  
  41  5:00  Assimilator  
  41  5:02  Assimilator  
  41  5:05  Stalker (Chrono Boost)  
  43  5:13  Pylon  
  43  5:18  Twilight Council  
  43  5:24  Robotics Facility  
  45  5:29  Stalker (Chrono Boost)  
  45  5:31  Probe x2, Protoss Ground Weapons Level 1  
  47  5:41  Zealot (Chrono Boost)  
  49  5:43  Probe  
  50  5:55  Sentry  
  52  5:57  Pylon  
  52  6:07  Zealot  
  54  6:12  Nexus  
  54  6:21  Stalker  
  54  6:24  Probe  
  54  6:25  Probe  
  58  6:34  Zealot  
  58  6:37  Probe x2  
  62  6:46  Pylon  
  62  6:48  Observer  
  62  6:49  Probe  
  64  7:00  Twilight Council  
  64  7:03  Gateway  
  64  7:04  Gateway  
  64  7:07  Gateway  
  64  7:08  Probe x2  
  66  7:09  Stargate  
  66  7:16  Warp Prism  
  66  7:20  Probe x2  
  70  7:27  Photon Cannon  
  70  7:32  Photon Cannon  
  70  7:47  Probe  
  70  7:48  Probe x2  
  73  7:55  Immortal  
  73  7:57  Probe  
  77  8:00  Probe x2  
  80  8:09  Probe (Chrono Boost)  
  80  8:10  Dark Shrine  
  80  8:12  Probe (Chrono Boost)  
  82  8:13  Probe (Chrono Boost), Photon Cannon  
  83  8:20  Probe (Chrono Boost)  
  83  8:23  Probe (Chrono Boost)  
  83  8:24  Probe (Chrono Boost)  
  86  8:31  Probe (Chrono Boost)  
  66  9:00  Zealot  
  66  9:01  Zealot x2  
  66  9:02  Zealot  
  70  9:15  Pylon  
  70  9:16  Zealot  
  68  9:19  Pylon  
  52  9:39  Photon Cannon  
  52  9:42  Probe x3 (Chrono Boost), Photon Cannon  
  52  9:43  Photon Cannon  
  55  9:46  Dark Templar  
  55  9:47  Dark Templar x4  
  55  9:48  Photon Cannon  
  55  9:49  Photon Cannon  
  55  9:51  Photon Cannon  
  55  9:52  Probe x2 (Chrono Boost)  
  66  9:53  Probe (Chrono Boost)  
  66  10:03  Probe (Chrono Boost)  
  67  10:22  Protoss Ground Weapons Level 2 (Chrono Boost)  
  67  10:25  Mothership Core  
  67  10:26  Immortal  
  73  10:29  Charge (Chrono Boost)  
  73  10:31  Oracle  
  66  10:50  Stalker x5  
  76  11:02  Probe x2, Forge  
  76  11:04  Probe  
  79  11:05  Pylon  
  79  11:06  Immortal  
  79  11:09  Pylon  
  83  11:13  Probe x2  
  83  11:16  Probe  
  83  11:18  Nexus  
  71  11:48  Stalker x3  
  71  11:49  Stalker x2  
  81  11:56  Pylon  
  81  12:10  Blink (Chrono Boost)  
  81  12:13  Fleet Beacon  
  81  12:14  Probe  
  81  12:16  Probe  
  81  12:17  Probe  
  81  12:22  Assimilator  
  84  12:27  Assimilator  
  82  13:24  Zealot x4  
  82  13:25  Zealot  
  91  13:42  Carrier  
  91  13:48  Protoss Air Weapons Level 1  
  88  14:01  Photon Cannon  
  88  14:02  Photon Cannon  
  80  14:12  Zealot x5  
  42  14:57  Zealot x3  
  22  15:29  Probe  
  19  15:41  Probe  
  20  15:50  Probe  
  20  15:53  Probe  
  22  16:28  Probe x2 (Chrono Boost)  
  24  16:39  Probe (Chrono Boost)  
  25  16:47  Zealot  
  25  16:50  Probe x2 (Chrono Boost)  
  29  17:10  Probe (Chrono Boost)  
  30  17:19  Probe (Chrono Boost)  
  30  17:21  Probe (Chrono Boost)  
  34  17:30  Mothership Core (Chrono Boost)  
  34  17:54  Nexus  
  34  18:05  Probe x2 (Chrono Boost)  
  36  18:15  Probe x2 (Chrono Boost)  
  38  18:26  Probe (Chrono Boost)  
  39  18:37  Probe (Chrono Boost)  
  41  18:41  Probe (Chrono Boost)  
  41  18:47  Probe (Chrono Boost)  
  42  18:52  Probe (Chrono Boost)  
  42  18:54  Photon Cannon  
  43  18:58  Probe (Chrono Boost)  
  43  19:01  Photon Cannon  
  43  19:02  Probe (Chrono Boost)  
  45  19:14  Pylon  
  45  19:28  Carrier  
  51  19:34  Graviton Catapult  
  51  19:40  Sentry  
  53  19:55  Photon Cannon  
  53  19:56  Photon Cannon  
  53  19:57  Zealot  
  53  19:58  Photon Cannon  
  55  20:00  Zealot  
  57  20:26  Zealot x4  
  57  20:27  Zealot  
  53  21:08  Photon Cannon  
  53  21:09  Photon Cannon  
  53  21:11  Photon Cannon  
  53  21:13  Photon Cannon  
  53  21:16  Assimilator  
  53  21:21  Photon Cannon  
  53  21:23  Photon Cannon  
  53  21:25  Photon Cannon x2  
  53  21:26  Photon Cannon  
  53  21:33  Carrier (Chrono Boost)  
  53  21:39  Probe x2  
  61  21:50  Nexus  
  61  21:51  Probe  
  62  22:04  Zealot  
  60  22:13  Zealot x2  
  60  22:14  Zealot  
  66  22:36  Zealot x3  
  64  22:37  Zealot  
  42  23:09  Zealot x2  
  41  23:31  Zealot  
  43  23:48  Zealot  
Show
View Real Time Build Order
Export as new Build Order

Fropez Protoss - Winner!

Build Orders: 1 Gate Expand 

Get SALT Encoding   

  12  0:02  Probe (Chrono Boost)  
  13  0:16  Pylon  
  13  0:19  Probe (Chrono Boost)  
  14  0:25  Assimilator  
  14  0:29  Probe (Chrono Boost)  
  15  0:40  Gateway  
  15  0:43  Probe (Chrono Boost)  
  15  0:49  Assimilator  
  16  0:54  Probe (Chrono Boost)  
  17  1:02  Pylon  
  17  1:04  Probe (Chrono Boost)  
  18  1:15  Probe (Chrono Boost)  
  20  1:25  Probe (Chrono Boost)  
  20  1:36  Probe (Chrono Boost)  
  21  1:43  Nexus  
  21  2:12  Probe (Chrono Boost)  
  22  2:22  Probe (Chrono Boost)  
  23  2:33  Probe (Chrono Boost)  
  23  2:35  Cybernetics Core  
  24  2:43  Probe (Chrono Boost)  
  25  2:44  Assimilator  
  25  2:52  Pylon  
  25  2:54  Probe (Chrono Boost)  
  27  3:11  Warp Gate (Chrono Boost)  
  27  3:13  Pylon, Mothership Core (Chrono Boost)  
  27  3:18  Pylon, Probe (Chrono Boost)  
  29  3:29  Pylon, Probe (Chrono Boost)  
  29  3:31  Assimilator  
  29  3:32  Probe (Chrono Boost)  
  31  3:39  Pylon  
  31  3:48  Twilight Council, Probe (Chrono Boost)  
  32  4:09  Probe x2 (Chrono Boost), Gateway  
  34  4:11  Assimilator  
  34  4:24  Robotics Facility  
  34  4:26  Resonating Glaives (Chrono Boost)  
  34  4:28  Gateway  
  34  4:37  Probe, Gateway  
  35  4:40  Probe  
  36  4:51  Probe  
  37  4:58  Probe  
  38  5:02  Gateway  
  38  5:04  Pylon  
  38  5:07  Probe  
  38  5:10  Pylon  
  38  5:13  Observer  
  40  5:25  Adept x2  
  40  5:26  Adept, Probe  
  40  5:27  Probe  
  48  5:36  Immortal  
  52  5:45  Probe  
  52  5:46  Probe  
  52  5:47  Gateway  
  54  5:57  Probe  
  54  6:01  Adept x3  
  61  6:05  Adept  
  61  6:10  Probe  
  63  6:11  Probe  
  65  6:32  Warp Prism  
  67  6:46  Stalker  
  67  6:47  Stalker x3  
  69  6:48  Probe  
  69  6:53  Blink (Chrono Boost)  
  74  7:00  Templar Archives  
  74  7:02  Probe  
  75  7:10  Gateway  
  75  7:11  Gateway  
  74  7:25  Nexus  
  75  7:30  Observer  
  75  7:48  Pylon  
  75  7:49  Pylon  
  75  7:55  Pylon  
  75  8:03  Gateway x2  
  75  8:06  Probe  
  75  8:08  Probe, Gateway  
  75  8:10  Gateway x2  
  77  8:17  Probe  
  78  8:24  Adept x5  
  78  8:25  Adept  
  74  9:03  Stalker  
  74  9:04  Stalker x5  
  74  9:05  Stalker x2  
  90  9:17  Adept x5  
  90  9:31  Probe  
  81  9:32  Probe  
  83  9:41  Probe  
  83  9:42  Assimilator  
  83  9:44  Probe  
  83  9:45  Assimilator  
  85  9:52  Probe  
  85  9:58  Stalker x2  
  85  9:59  Stalker x3  
  96  10:00  Stalker  
  96  10:05  Probe  
  99  10:07  Probe  
  99  10:08  Probe  
  99  10:16  Probe  
  99  10:18  Observer (Chrono Boost)  
  76  11:05  Adept x4  
  76  11:06  Adept x6  
  76  11:07  Adept x2  
  100  11:13  Nexus  
  80  11:42  Pylon  
  80  11:43  Pylon  
  76  11:48  High Templar x2  
  76  11:49  High Templar x6  
  76  11:50  High Templar x3  
  76  11:52  Archon  
  76  11:53  Archon x4  
  98  11:59  Pylon  
  98  12:02  Pylon  
  98  12:03  Probe  
  98  12:04  Probe  
  98  12:05  Forge  
  98  12:07  Forge  
  100  12:08  Probe  
  100  12:09  Pylon  
  100  12:13  Probe  
  102  12:26  Probe x2  
  102  12:27  Probe  
  105  12:56  Photon Cannon  
  103  12:58  Photon Cannon  
  103  13:01  Photon Cannon  
  103  13:03  Photon Cannon  
  103  13:04  Photon Cannon  
  93  13:08  Pylon  
  93  13:10  Pylon  
  91  13:13  Pylon  
  91  13:15  Assimilator, Photon Cannon  
  91  13:17  Stalker  
  91  13:18  Stalker x2  
  97  13:20  Assimilator, Photon Cannon  
  97  13:25  Photon Cannon  
  97  13:36  Adept  
  97  13:37  Adept x2  
  103  13:56  Adept x4  
  103  13:57  Adept  
  113  14:19  Stalker x3  
  113  14:20  Probe x2  
  121  14:27  Probe  
  121  14:30  Probe  
  113  14:43  High Templar  
  113  14:44  High Templar x5  
  113  14:45  High Templar  
  115  14:48  Archon x3  
  115  14:50  Archon  
  103  15:01  Probe x2  
  103  15:03  Probe  
  92  15:12  Probe x2  
  94  15:15  Probe  
  94  15:17  Immortal (Chrono Boost)  
  97  15:22  Probe  
  97  15:23  Probe  
  97  15:27  Probe  
  100  15:33  Nexus, Probe  
  97  15:36  Probe  
  94  15:42  Protoss Ground Weapons Level 1  
  94  15:52  Probe  
  94  15:54  Probe  
  96  16:01  High Templar x4  
  96  16:02  High Templar x4  
  96  16:03  High Templar  
  112  16:06  Archon x3  
  112  16:07  Archon  
  112  16:09  Probe  
  112  16:10  Probe  
  112  16:11  Probe  
  109  16:20  Probe  
  109  16:23  Pylon  
  108  16:26  Pylon  
  108  16:32  High Templar x3  
  112  16:39  Archon  
  112  16:40  Archon  
  112  16:52  Observer (Chrono Boost)  
  113  16:56  Stalker x2  
  113  16:57  Stalker x4  
  125  17:11  Photon Cannon  
  125  17:14  Photon Cannon  
  125  17:26  Probe  
  126  17:34  Nexus  
  126  17:36  Pylon  
  126  17:37  Assimilator  
  126  17:39  Assimilator  
  126  17:41  Assimilator  
  126  17:42  Protoss Ground Weapons Level 2 (Chrono Boost)  
  126  17:43  Assimilator, Protoss Ground Armor Level 1 (Chrono Boost)  
  126  17:46  Pylon, Psionic Storm  
  126  17:56  Adept x4  
  134  18:04  Probe x2  
  136  18:17  Gateway  
  136  18:18  Gateway  
  136  18:21  Gateway  
  136  18:23  Gateway  
  136  18:33  Probe  
  137  18:43  Stalker  
  137  18:44  Stalker x3  
  137  18:45  Stalker x2  
  149  18:59  Probe  
  149  19:00  Probe x2  
  152  19:13  Stalker x4  
  152  19:14  Stalker  
  162  19:36  Probe x2  
  164  19:48  Dark Shrine  
  164  19:50  Pylon  
  164  19:54  Pylon, Probe x2  
  164  19:56  Photon Cannon  
  166  20:00  Photon Cannon  
  166  20:11  Warp Prism  
  164  20:24  Protoss Ground Armor Level 2 (Chrono Boost)  
  164  20:25  Protoss Ground Weapons Level 3 (Chrono Boost)  
  158  20:33  Probe  
  158  20:34  Probe x2  
  153  21:00  High Templar x7  
  153  21:01  High Templar x6  
  153  21:02  High Templar  
  181  21:24  Observer  
  170  22:06  Warp Prism  
  165  22:22  Protoss Shields Level 1 (Chrono Boost)  
  152  22:42  Nexus  
  152  22:44  Pylon  
  152  22:47  Pylon  
  152  22:56  Archon  
  152  22:57  Archon x2  
  152  22:58  Archon  
  148  23:20  High Templar x2  
  148  23:21  High Templar x6  
  148  23:22  High Templar x6  
  172  23:42  Archon x2  
  172  23:43  Archon x3  
  172  23:44  Archon  
  172  23:45  Archon  
  136  24:21  Stalker x5  
  136  24:22  Stalker x5  
Tags
 
Add a new tag
Caveats
  • Supply blocks, unpowered buildings, or Contaminate may cause inaccurate times.
  • Supply counts are checked every 10 seconds.